 Dungeon Crawl Stone Soup version 0.32-a0-938-g40ac7a0f4d (webtiles) character file.

Game seed: 15628322414240322759

570 Autsider the Shooter (level 7, -1/58 HPs)
             Began as a Formicid Hunter on Apr 15, 2024.
             Slain by a gnoll
             ... wielding a +0 club
             ... led by a gnoll bouda
              (5 damage)
             ... on level 5 of the Dungeon.
             The game lasted 00:07:49 (4579 turns).

Autsider the Shooter (Formicid Hunter)              Turns: 4579, Time: 00:07:50

Health: -1/58      AC:  5    Str: 16    XL:     7   Next: 60%
Magic:  7/7        EV: 11    Int:  8    God:
Gold:   225        SH:  0    Dex: 19    Spells: 6/6 levels left

rFire   . . .        a - +0 shortbow
rCold   . . .        (no shield)
rNeg    . . .        c - +0 leather armour
rPois   .            (helmet unavailable)
rElec   .            v - +0 cloak
rCorr   .            (no gloves)
SInv    +            p - +0 pair of boots
Will    .....        (no amulet)
Stlth   ++           (no ring)
HPRegen 0.29/turn    (no ring)
MPRegen 0.10/turn

%: no passive effects
@: no status effects
A: permanent stasis, dig shafts and tunnels, antennae 3, four strong arms
a: Dig, Shaft Self


You were on level 5 of the Dungeon.
You visited 1 branch of the dungeon, and saw 5 of its levels.

You collected 225 gold pieces.

Inventory:

Hand Weapons
 a - a +0 shortbow (weapon)
Missiles
 r - a throwing net
 A - 20 poisoned darts
Armour
 c - a +0 leather armour (worn)
 l - a +0 robe of willpower
 p - a +0 pair of boots (worn)
 v - a +0 cloak (worn)
Jewellery
 y - a ring of magical power
Wands
 z - a wand of iceblast (11)
Scrolls
 b - a scroll of butterflies
 e - 4 scrolls of identify
 h - 3 scrolls of acquirement {unknown}
 i - a scroll of vulnerability {unknown}
 m - 2 scrolls of teleportation {unknown}
 o - a scroll of poison {unknown}
 q - a scroll of fog {unknown}
 t - a scroll of immolation {unknown}
 u - a scroll of fear {unknown}
Potions
 d - 2 potions of curing {unknown}
 f - 2 potions of might {unknown}
 g - a potion of attraction {unknown}
 j - 2 potions of invisibility
 k - a potion of magic {unknown}
 n - 2 potions of heal wounds {unknown}
 s - a potion of degeneration {unknown}
 w - a potion of brilliance {unknown}
 x - a potion of haste {unknown}


   Skills:
 + Level 6.2 Fighting
 + Level 6.7 Ranged Weapons
 - Level 1.7 Dodging
 - Level 1.2 Stealth


You had 6 spell levels left.
You didn't know any spells.
Your spell library contained the following spells:

 Spells                   Type           Power      Damage    Failure   Level
 Lesser Beckoning         Tloc           0%         N/A       63%         2
 Momentum Strike          Conj/Tloc      0%         3d8       63%         2
 Hailstorm                Conj/Ice       0%         3d5       85%         3
 Summon Ice Beast         Ice/Summ       0%         N/A       85%         3
 Teleport Other           Tloc           0%         N/A       85%         3
 Permafrost Eruption      Ice/Erth       0%         2x4d1     100%        6
 Sculpt Simulacrum        Ice/Alch       0%         N/A       100%        6
 Polar Vortex             Ice            0%         N/A       100%        9
 Blink                    Tloc           Unusable   N/A       N/A         2

Dungeon Overview and Level Annotations

Branches:
Dungeon (5/15)
 Temple: D:4-7

Altars:

Shops:
D:1 [   D:3 [


Innate Abilities, Weirdness & Mutations

You cannot be hasted, slowed, berserked, paralysed or teleported.
You can dig through walls and to a lower floor.
You have a pair of large antennae on your head. (SInv)
Your four strong arms can wield two-handed weapons with a shield.


Message History

The gnoll misses you.
You are too injured to fight recklessly!
You are too injured to fight recklessly!
You are too injured to fight recklessly!
You are too injured to fight recklessly!
You are too injured to fight recklessly!
You are too injured to fight recklessly!
You are too injured to fight recklessly!
You are too injured to fight recklessly!
You are too injured to fight recklessly!
You are too injured to fight recklessly!
You are too injured to fight recklessly!
The gnoll hits you with a +0 club. The gnoll hits you with a +0 club!
* * * LOW HITPOINT WARNING * * *
The gnoll barely misses you. x2
The gnoll attacks as it pursues you! The gnoll closely misses you.
The gnoll hits you with a +0 club.
* * * LOW HITPOINT WARNING * * *
The gnoll barely misses you. The gnoll attacks as it pursues you!
The gnoll barely misses you. The gnoll attacks as it pursues you!
The gnoll barely misses you. The gnoll attacks as it pursues you!
The gnoll hits you from afar with a +0 spear.
* * * LOW HITPOINT WARNING * * *
The gnoll attacks as it pursues you! The gnoll barely misses you.
The gnoll attacks as it pursues you! The gnoll closely misses you.
The gnoll hits you from afar with a +0 spear!
* * * LOW HITPOINT WARNING * * *
The gnoll attacks as it pursues you! The gnoll hits you with a +0 club.
* * * LOW HITPOINT WARNING * * *
The gnoll attacks as it pursues you!
The gnoll hits you from afar with a +0 spear.
* * * LOW HITPOINT WARNING * * *
The gnoll hits you with a +0 club.
* * * LOW HITPOINT WARNING * * *
The gnoll hits you with a +0 club.
* * * LOW HITPOINT WARNING * * *
The gnoll is no longer moving quickly.
The gnoll attacks as it pursues you! The gnoll hits you with a +0 club.
You die...

....##.............#
..## ##...####.....# ..
###..## ####..# . .#<[.#
##.# .....# #.# #.
#.#..## #.## #.. #.#..
##..###..#
.##....#########.....(.#
....##.#..o.g.g@.)....##
.............g.......##
#.....)....#####.....#
...........######....#
..............###....#
.......#.###...>.....#
......##..####...)..##
...... #.## ##.....#
..##.# #.. #.....#


You could see 3 gnolls and an orc.

Vanquished Creatures
  Sigmund (D:3)
  2 scorpions (D:4)
  A jelly (D:5)
  A gnoll bouda (D:5)
  An orc priest (D:5)
  2 sleepcaps (D:4)
  A gnoll (D:5)
  6 adders
  2 dart slugs
  3 ribbon worms (D:2)
  2 orcs (D:5)
  7 bats
  2 endoplasms
  5 giant cockroaches
  4 goblins
  5 hobgoblins
  3 jackals (D:1)
  3 quokkas
  6 ball pythons
  8 frilled lizards
  19 kobolds
  6 rats
90 creatures vanquished.

Notes
Turn   | Place    | Note
-------+----------+-------------------------------------------
     0 | D:1      | Autsider the Formicid Hunter began the quest for the Orb.
     0 | D:1      | Reached XP level 1. HP: 16/16 MP: 1/1
    34 | D:1      | Reached XP level 2. HP: 23/23 MP: 2/2
    86 | D:1      | Found Yhuappal's Antique Armour Shoppe.
   428 | D:1      | Reached XP level 3. HP: 29/29 MP: 3/3
  1235 | D:2      | Reached XP level 4. HP: 24/35 MP: 4/4
  1503 | D:2      | Reached skill level 5 in Ranged Weapons
  1681 | D:2      | Reached XP level 5. HP: 42/42 MP: 5/5
  1921 | D:3      | Found Irhietat's Armour Shop.
  2369 | D:3      | Noticed Sigmund
  2377 | D:3      | Killed Sigmund
  2378 | D:3      | Reached skill level 5 in Fighting
  2378 | D:3      | Reached XP level 6. HP: 45/51 MP: 6/6
  2853 | D:4      | Reached XP level 7. HP: 42/56 MP: 7/7
  4347 | D:5      | Entered Level 5 of the Dungeon
  4352 | D:5      | Got the Lessons on Orientation and Cold
  4579 | D:5      | Slain by a gnoll

Illustrated notes

Levels and vault maps discovered:
D:1:      spicycebolla_green_bress_n_ham_2, layout_basic, serial_shops, shop
D:2:      wad_river_or_something, layout_loops_ring, lexackson_kobold_supper
D:3:      layout_basic, serial_shops, shop, uniq_sigmund
D:4:      layout_basic, hellmonk_no_cap
D:5:      layout_layer_cave

Skill      XL: |  1  2  3  4  5  6  7 |
---------------+----------------------+-----
Fighting       | 3 4 5 6 |  6.2
Ranged Weapons | 5 6 |  6.7
Dodging        | |  1.7
Stealth        | |  1.2

Action                     |  1- 3 |  4- 6 |  7- 9 || total
---------------------------+-------+-------+-------++-------
   Fire: Shortbow          |    93 |   131 |    82 ||   306
    Use: Scroll            |       |       |     1 ||     1
         Potion            |       |       |     1 ||     1
 Armour: Leather armour    |    18 |    33 |    42 ||    93
  Dodge: Dodged            |    17 |    40 |    27 ||    84

Table legend: (Time is in decaauts)
 A = Elapsed time spent in this place.
 B = Non-inter-level travel time spent in this place.
 C = Inter-level travel time spent in this place.
 D = Time resting spent in this place.
 E = Time spent auto-exploring this place.
 F = Levels seen in this place.
 G = Mean time per level.
                   A        B        C        D        E       F      G
               +--------+--------+--------+--------+--------+-----+--------+
         Total |   4638 |   4052 |    586 |    161 |   3061 |   5 |  927.6 |
       Dungeon |   4638 |   4052 |    586 |    161 |   3061 |   5 |  927.6 |
               +--------+--------+--------+--------+--------+-----+--------+

Top non-repeatable levels by time:
     D:4: 1456 daAuts
     D:2: 1285 daAuts
     D:1: 838 daAuts
     D:3: 822 daAuts
     D:5: 235 daAuts
